Map: Ruins of Seras

Players

Javert - Winner!

  • Race: Zerg Zerg
  • League: Grandmaster

BisuLover

  • Race: Protoss Protoss
  • League: Grandmaster

VOD

Have the link to the VOD?

Description

Time

  • Played on: June 21, 2015, 12:01 a.m.
  • Length: 15:52
Show
View Real Time Build Order
Export as new Build Order

Javert Zerg - Winner!

Build Orders: Hatch First 

Get SALT Encoding   

  12  0:01  Drone  
  13  0:13  Overlord  
  13  0:19  Drone  
  14  0:32  Drone  
  14  0:33  Drone  
  16  0:50  Hatchery  
  16  0:53  Drone  
  16  1:00  Extractor  
  16  1:02  Drone x2  
  17  1:18  Spawning Pool  
  16  1:20  Drone  
  17  1:26  Drone  
  18  1:33  Overlord  
  18  1:41  Drone  
  19  1:52  Drone  
  20  2:07  Metabolic Boost  
  20  2:08  Queen x2  
  22  2:13  Drone  
  22  2:15  Drone  
  26  2:21  Drone x2  
  28  2:28  Drone x2  
  30  2:39  Overlord  
  30  2:41  Zergling x2  
  30  2:59  Zergling x8  
  34  3:15  Zergling x4  
  36  3:28  Drone x5  
  40  3:34  Overlord  
  40  3:40  Overlord x2  
  40  3:51  Hatchery  
  39  3:57  Extractor, Queen  
  40  4:03  Drone  
  40  4:04  Drone x8  
  48  4:13  Drone  
  49  4:21  Drone x2  
  49  4:22  Drone x3  
  54  4:25  Extractor x2  
  54  4:29  Zergling x2  
  54  4:30  Zergling x10  
  58  4:39  Zergling x2  
  59  5:03  Zergling x12  
  59  5:04  Overlord x2  
  58  5:42  Lair  
  53  5:58  Roach Warren, Drone  
  53  5:59  Drone x17  
  68  6:12  Drone  
  68  6:13  Drone x6  
  68  6:15  Spore Crawler  
  74  6:18  Spine Crawler  
  74  6:24  Evolution Chamber  
  74  6:25  Zergling x14  
  79  6:29  Spine Crawler  
  79  6:31  Spore Crawler, Spine Crawler, Zergling x2  
  79  6:32  Zergling x8  
  81  6:40  Overlord x2  
  81  6:45  Overlord x2  
  78  7:04  Zergling x2  
  78  7:05  Zergling x12  
  72  7:13  Roach x4  
  75  7:40  Overlord x2  
  75  7:44  Drone x7, Extractor  
  76  7:45  Extractor  
  76  7:48  Overlord  
  80  7:52  Spire, Glial Reconstitution  
  80  7:58  Roach x2  
  83  8:00  Overseer  
  83  8:03  Drone  
  84  8:08  Overlord  
  84  8:09  Burrow  
  84  8:32  Drone x14  
  84  8:33  Drone x2  
  100  8:49  Hatchery, Extractor  
  100  8:52  Extractor  
  97  8:58  Roach  
  97  8:59  Roach x7  
  113  9:09  Hydralisk Den  
  106  9:20  Roach x9  
  106  9:24  Roach  
  122  9:25  Zerg Missile Weapons Level 1  
  122  9:27  Tunneling Claws  
  122  9:29  Evolution Chamber  
  121  9:32  Roach x2  
  121  9:33  Roach  
  121  9:38  Hatchery  
  126  9:43  Ravager x2  
  126  9:44  Ravager x8  
  126  9:45  Ravager  
  137  9:47  Pneumatized Carapace  
  137  9:51  Overlord x2  
  137  9:52  Overlord  
  137  9:58  Zerg Ground Armor Level 1  
  137  10:02  Roach x3  
  137  10:04  Overlord x5  
  111  10:28  Roach  
  111  10:29  Roach x12  
  111  10:30  Overseer  
  111  10:34  Overseer  
  120  10:51  Roach x6  
  120  10:52  Roach x3  
  130  11:04  Muscular Augments  
  130  11:09  Roach x7  
  144  11:12  Drone x2  
  144  11:13  Drone  
  147  11:20  Overseer  
  147  11:24  Ravager x2  
  147  11:25  Ravager x5  
  154  11:26  Hydralisk x6  
  154  11:27  Spine Crawler  
  154  11:30  Spine Crawler, Queen x2  
  154  11:31  Spine Crawler  
  167  11:46  Hydralisk  
  167  11:47  Hydralisk x15  
  199  11:56  Zerg Ground Armor Level 2, Zerg Missile Weapons Level 2  
  199  12:16  Overlord  
  162  12:47  Roach x17  
  162  12:48  Hydralisk, Roach  
  162  12:49  Hydralisk  
  198  12:57  Overseer x3  
  198  12:58  Overseer  
  194  13:00  Roach x8  
  142  13:15  Hydralisk x9  
  142  13:16  Hydralisk x5  
  164  13:25  Spine Crawler x2  
  164  13:26  Spine Crawler  
  161  13:28  Hydralisk  
  163  13:38  Infestation Pit  
  162  13:45  Spine Crawler, Hydralisk x10  
  162  13:46  Spine Crawler, Hydralisk  
  162  13:47  Spine Crawler  
  181  13:50  Overlord x2  
  181  13:51  Spine Crawler  
  180  14:01  Ravager  
  180  14:02  Ravager x6  
  187  14:03  Ravager  
  188  14:11  Hatchery  
  147  14:33  Hydralisk x5  
  147  14:34  Hydralisk x6  
  169  14:46  Overseer x2  
  169  14:47  Overseer x2  
  160  15:12  Roach x3  
  160  15:13  Roach x14  
  186  15:20  Roach x3  
  176  15:51  Spine Crawler x2  
Show
View Real Time Build Order
Export as new Build Order

BisuLover Protoss 

Build Orders:  

Get SALT Encoding   

  12  0:02  Probe  
  13  0:13  Pylon  
  13  0:19  Probe  
  14  0:32  Gateway  
  14  0:36  Probe (Chrono Boost)  
  15  0:46  Probe (Chrono Boost)  
  15  0:47  Assimilator  
  16  0:53  Probe  
  17  0:59  Pylon  
  17  1:05  Probe  
  18  1:17  Probe  
  19  1:22  Cybernetics Core  
  19  1:24  Zealot (Chrono Boost)  
  21  1:29  Probe  
  22  1:42  Probe  
  23  1:54  Probe  
  24  2:02  Adept (Chrono Boost)  
  24  2:04  Warp Gate (Chrono Boost)  
  24  2:06  Probe, Pylon  
  27  2:22  Stalker (Chrono Boost)  
  29  2:35  Probe  
  32  2:45  Stalker (Chrono Boost), Nexus  
  32  3:03  Pylon  
  32  3:05  Forge  
  32  3:08  Stalker  
  32  3:29  Probe  
  31  3:41  Probe  
  31  3:42  Photon Cannon  
  31  3:45  Gateway  
  31  3:47  Gateway  
  30  3:53  Probe  
  31  3:59  Probe  
  32  4:05  Probe (Chrono Boost)  
  32  4:09  Twilight Council  
  33  4:13  Probe (Chrono Boost)  
  33  4:16  Assimilator  
  35  4:18  Probe (Chrono Boost)  
  35  4:21  Protoss Ground Weapons Level 1 (Chrono Boost)  
  35  4:23  Probe (Chrono Boost)  
  36  4:27  Probe (Chrono Boost)  
  36  4:30  Probe (Chrono Boost)  
  38  4:36  Probe (Chrono Boost)  
  39  4:40  Probe (Chrono Boost)  
  40  4:52  Mothership Core (Chrono Boost), Probe (Chrono Boost)  
  43  4:54  Gateway  
  43  4:55  Zealot x2, Pylon  
  43  4:59  Probe, Zealot  
  50  5:03  Dark Shrine  
  50  5:07  Probe  
  49  5:17  Zealot  
  49  5:18  Zealot  
  49  5:32  Zealot  
  49  5:33  Probe (Chrono Boost)  
  53  5:45  Probe x2 (Chrono Boost)  
  54  5:53  Probe x2 (Chrono Boost)  
  56  6:03  Zealot x2  
  62  6:04  Probe (Chrono Boost)  
  62  6:07  Probe (Chrono Boost)  
  62  6:09  Assimilator  
  62  6:13  Assimilator  
  62  6:14  Probe (Chrono Boost)  
  62  6:17  Probe (Chrono Boost)  
  64  6:21  Probe  
  65  6:28  Nexus  
  65  6:31  Pylon  
  66  6:34  Probe (Chrono Boost), Pylon, Protoss Ground Weapons Level 2 (Chrono Boost)  
  66  6:36  Probe (Chrono Boost)  
  68  6:48  Probe (Chrono Boost)  
  68  6:50  Probe (Chrono Boost)  
  70  7:01  Probe x2  
  71  7:13  Probe x2  
  71  7:15  Pylon  
  73  7:18  Pylon  
  73  7:21  Templar Archives  
  73  7:22  Pylon  
  69  7:23  Charge (Chrono Boost)  
  69  7:28  Pylon  
  69  7:29  Pylon  
  59  7:33  Probe x2 (Chrono Boost), Stargate, Gateway  
  53  7:38  Pylon  
  53  7:41  Pylon  
  53  7:43  Probe (Chrono Boost)  
  54  7:50  Probe (Chrono Boost)  
  54  7:51  Probe (Chrono Boost)  
  56  7:53  Probe (Chrono Boost)  
  56  7:54  Gateway  
  56  7:56  Pylon  
  56  7:57  Probe x2 (Chrono Boost), Photon Cannon  
  59  8:02  Probe  
  60  8:09  Probe x2  
  60  8:12  High Templar x3  
  68  8:21  Phoenix (Chrono Boost)  
  68  8:25  Probe (Chrono Boost)  
  71  8:30  Assimilator  
  71  8:32  Assimilator  
  71  8:33  Photon Cannon  
  73  8:35  Zealot x2  
  73  8:36  Probe (Chrono Boost), Pylon  
  73  8:37  Probe x2 (Chrono Boost)  
  73  8:40  Protoss Ground Weapons Level 3 (Chrono Boost)  
  78  8:44  Phoenix (Chrono Boost)  
  78  8:46  Probe (Chrono Boost)  
  81  8:54  Robotics Facility  
  83  8:55  Gateway, Probe (Chrono Boost)  
  83  8:56  Photon Cannon  
  83  8:57  Zealot  
  83  8:59  Probe (Chrono Boost)  
  85  9:03  Dark Templar  
  85  9:05  Probe (Chrono Boost)  
  85  9:06  Stalker  
  85  9:07  Zealot  
  85  9:08  Zealot  
  88  9:14  Psionic Storm, Archon  
  86  9:27  Probe  
  86  9:30  Probe  
  88  9:36  Probe  
  88  9:37  Pylon  
  89  9:40  Zealot x4  
  89  9:41  Pylon  
  97  9:45  Gateway  
  97  9:46  Gateway  
  97  9:48  Pylon  
  97  9:56  Observer (Chrono Boost)  
  97  9:58  Probe (Chrono Boost)  
  101  10:01  Probe (Chrono Boost), Photon Cannon x2  
  101  10:02  Probe (Chrono Boost)  
  101  10:07  Dark Templar  
  101  10:08  Zealot  
  101  10:09  Probe (Chrono Boost)  
  101  10:10  Immortal (Chrono Boost)  
  101  10:12  Probe x2 (Chrono Boost)  
  110  10:15  Probe (Chrono Boost)  
  110  10:18  Zealot  
  110  10:19  Zealot x2  
  111  10:21  Probe  
  111  10:26  Stalker  
  111  10:27  Stalker, Probe  
  115  10:32  Stalker  
  117  10:44  Probe  
  118  11:02  Phoenix (Chrono Boost)  
  120  11:05  Probe  
  121  11:15  High Templar x3  
  121  11:16  High Templar  
  121  11:17  Zealot x5  
  139  11:19  Protoss Ground Armor Level 1 (Chrono Boost)  
  139  11:24  Immortal (Chrono Boost)  
  143  11:26  Probe x2  
  143  11:29  Nexus  
  145  11:32  Pylon  
  145  11:35  Pylon x2  
  145  11:40  Phoenix (Chrono Boost)  
  145  11:42  Blink (Chrono Boost)  
  145  11:43  Nexus  
  145  11:44  High Templar x2  
  145  11:45  High Templar x2  
  155  11:47  Adept  
  155  11:48  Adept  
  159  12:01  Phoenix  
  160  12:03  Pylon  
  156  12:21  Pylon  
  156  12:26  Phoenix  
  128  12:38  Archon x2  
  98  12:48  Dark Templar x2  
  98  12:49  Dark Templar x4  
  98  12:51  Phoenix  
  106  13:20  High Templar x3  
  106  13:22  Immortal (Chrono Boost)  
  106  13:25  Archon x3  
  116  13:27  Zealot x3  
  116  13:28  Zealot x2  
  116  13:29  Probe x2  
  116  13:31  Assimilator  
  128  13:35  Assimilator  
  128  13:37  Zealot  
  128  13:39  Photon Cannon  
  128  13:40  Probe (Chrono Boost), Photon Cannon  
  131  13:41  Photon Cannon  
  131  13:42  Probe (Chrono Boost), Photon Cannon  
  131  13:46  Photon Cannon  
  131  13:47  Probe (Chrono Boost), Assimilator  
  133  13:51  Assimilator  
  133  13:52  Probe (Chrono Boost)  
  133  13:53  Probe x2 (Chrono Boost)  
  133  13:54  Void Ray (Chrono Boost)  
  140  13:59  Probe  
  141  14:05  Pylon  
  141  14:09  Stalker x5  
  151  14:10  Stalker x4  
  137  14:28  Probe  
  103  14:34  High Templar  
  103  14:35  Zealot, High Templar  
  103  14:36  Shield Upgrade, Zealot x5  
  103  14:37  Zealot  
  115  14:41  Immortal (Chrono Boost)  
  109  14:46  Photon Cannon  
  109  14:49  Probe (Chrono Boost)  
  109  14:58  Stalker  
  109  14:59  Stalker x5, Probe (Chrono Boost)  
  117  15:10  Zealot x3  
  107  15:19  Zealot  
  107  15:20  Zealot x2  
  84  15:30  Zealot x2  
  84  15:31  Zealot x2  
Tags
 
Add a new tag
Caveats
  • Supply blocks, unpowered buildings, or Contaminate may cause inaccurate times.
  • Supply counts are checked every 10 seconds.